 Dungeon Crawl Stone Soup version 0.24-a0-266-g1edb078f7a (webtiles) character file.

Game seed: 2495871982596664445

153871 JellyEater the Earth Mage (level 17, 0/108 HPs)
             Began as a Gargoyle Earth Elementalist on Apr 21, 2019.
             Was the Champion of Vehumet.
             Killed by a resonance strike
             ... invoked by a ragged hierophant
              (11 damage)
             ... in the Desolation of Salt.
             The game lasted 02:11:12 (32733 turns).

JellyEater the Earth Mage (GrEE)                   Turns: 32733, Time: 02:11:13

Health: 0/108      AC: 25    Str: 13    XL:     17   Next: 61%
Magic:  7/29       EV: 31    Int: 26    God:    Vehumet [******]
Gold:   2368       SH:  0    Dex: 10    Spells: 12/39 levels left

rFire    + . .     SeeInvis .   v - +8 whip "Snakebite" {curare, rPois}
rCold    + + .     Gourm    .   (no shield)
rNeg     + . .     Faith    .   s - +2 robe {MR+}
rPois    ∞         Spirit   .   A - +2 hat {MR+}
rElec    +         Reflect  .   f - scarf {rC+ rF+}
rCorr    .         Harm     .   I - +2 pair of gloves
MR       +++..                  U - +2 pair of boots {Stlth+}
Stlth    ++........             t - amulet of the acrobat
HPRegen  0.28/turn              u - +4 ring of intelligence
MPRegen  0.21/turn              L - +3 ring of slaying

@: berserk cooldown, acrobat, flying, very slightly contaminated, hasted and
slowed
A: big wings, cold resistance 1, low mp 1, negative energy resistance 1,
electricity resistance, unbreathing, petrification resistance, rot immunity, AC
+12
a: Stop Flying, Renounce Religion


You were in the Desolation of Salt.
You worshipped Vehumet.
Vehumet was exalted by your worship.
You were full.

You visited 5 branches of the dungeon, and saw 26 of its levels.
You also visited: Ossuary, Gauntlet, Ice Cave and Desolation.

You collected 3134 gold pieces.
You spent 766 gold pieces at shops.

Inventory:

Hand Weapons
 v - the +8 whip "Snakebite" (weapon) {curare, rPois}
   (You found it on level 5 of the Lair of Beasts)

   It poisons the flesh of those it strikes.
   It protects you from poison.
 B - a +0 morningstar of protection
 G - a +7 flail of crushing
Missiles
 m - 2 throwing nets
 W - 157 stones (quivered)
Armour
 f - a scarf of resistance (worn)
 s - a +2 robe of magic resistance (worn)
 A - a +2 hat of magic resistance (worn)
 I - a +2 pair of gloves (worn)
 U - a +2 pair of boots of stealth (worn)
 V - the +5 shield "Amac" {+Inv rC- rN+++ SInv}
   (You found it on level 6 of the Lair of Beasts)

   It makes you vulnerable to cold.
   It renders you almost immune to negative energy.
   It lets you see invisible.
   It lets you turn invisible.
Jewellery
 t - an amulet of the acrobat (around neck)
 u - a +4 ring of intelligence (left hand)
 y - the ring "Recus" {*Tele +Inv, unknown}
   (You found it in the Desolation of Salt)

   [ring of teleportation]

   It may teleport you next to monsters.
   It lets you turn invisible.
 L - a +3 ring of slaying (right hand)
 P - an uncursed amulet of rage
Wands
 b - a wand of disintegration (13)
 c - a wand of digging (18)
 h - a wand of random effects (41)
 l - a wand of clouds (3)
 r - a wand of enslavement (28)
 w - a wand of scattershot (6)
 F - a wand of paralysis (22)
 S - a wand of iceblast (5)
 X - a wand of polymorph (12)
 Z - a wand of acid (5)
Scrolls
 a - 5 scrolls of fog
 e - a scroll of blinking
 g - 3 scrolls of immolation
 j - 14 scrolls of remove curse
 n - 7 scrolls of teleportation
 H - 4 scrolls of fear
 K - 3 scrolls of amnesia
 N - a scroll of summoning
 O - 5 scrolls of identify
 Y - 2 scrolls of enchant armour
Potions
 k - a potion of agility
 p - 5 potions of cancellation
 q - 3 potions of resistance
 x - 4 potions of brilliance
 z - a potion of ambrosia
 C - 3 potions of haste
 D - 4 potions of berserk rage
 E - 2 potions of curing
 T - 4 potions of mutation
Miscellaneous
 Q - a phial of floods (inert)
Comestibles
 d - 52 rations
 i - a chunk of flesh


   Skills:
 + Level 12.8 Fighting
 + Level 11.9 Maces & Flails
 - Level 6.0 Armour
 + Level 10.2 Dodging
 - Level 2.1 Stealth
 + Level 5.7 Shields
 + Level 11.8 Spellcasting
 + Level 13.4 Conjurations
   Level 0.7 Transmutations
 + Level 15.0 Earth Magic
 - Level 3.0 Poison Magic
 - Level 6.0 Evocations


You had 12 spell levels left.
You knew the following spells:

 Your Spells              Type           Power        Failure   Level  Hunger
a - Sandblast             Erth           ######       0%          1    None
b - Stone Arrow           Conj/Erth      ######       1%          3    None
c - Lee's Rapid Deconstr  Erth           #######...   1%          5    ###....
d - Iron Shot             Conj/Erth      ######....   1%          6    #####..
e - Poison Arrow          Conj/Pois      ######....   5%          6    #####..
f - Bolt of Fire          Conj/Fire      ######....   11%         6    #####..

Your spell library contained the following spells:

 Spells                   Type           Power        Failure   Level  Hunger
 Freeze                   Ice            ###.         1%          1    None
 Passwall                 Tmut/Erth      ######..     1%          2    None
 Throw Frost              Conj/Ice       ######       1%          2    None
 Petrify                  Tmut/Erth      ######..     1%          4    None
 Throw Icicle             Conj/Ice       ######..     1%          4    None
 Beastly Appendage        Tmut           ###...       2%          1    None
 Animate Skeleton         Necr           N/A          3%          1    None
 Pain                     Necr           ###.         3%          1    None
 Summon Small Mammal      Summ           ###.         3%          1    None
 Sticks to Snakes         Tmut           ###.....     4%          2    None
 Borgnjor's Vile Clutch   Necr/Erth      ######....   4%          5    ###....
 Spider Form              Tmut/Pois      ####......   5%          3    None
 Call Imp                 Summ           ###.....     6%          2    None
 Call Canine Familiar     Summ           ###.....     12%         3    None
 Recall                   Summ/Tloc      N/A          12%         3    None
 Regeneration             Chrm/Necr      ###.......   12%         3    None
 Summon Guardian Golem    Hex/Summ       ###.....     12%         3    None
 Vampiric Draining        Necr           ###.......   12%         3    None
 Ice Form                 Ice/Tmut       ###.....     32%         4    None
 Animate Dead             Necr           N/A          36%         4    None
 Summon Ice Beast         Ice/Summ       ###.....     36%         4    None
 Summon Lightning Spire   Summ/Air       ###.....     36%         4    None
 Blade Hands              Tmut           ###.......   61%         5    ###....
 Death Channel            Necr           ###.......   99%         6    #####..
 Simulacrum               Ice/Necr       ###.......   99%         6    #####..


Dungeon Overview and Level Annotations

Branches:
Dungeon (15/15)            Temple (1/1) D:7            Lair (6/6) D:9
  Swamp (0/4) Lair:3       Spider (0/4) Lair:2        Slime (0/5) Lair:6
    Orc (2/2) D:11            Elf (2/3) Orc:2        Vaults (0/5) D:13
 Depths (0/5) D:15

Altars:
Cheibriados
Fedhas
Gozag
Hepliaklqana
Makhleb
Nemelex Xobeh
Qazlal
Sif Muna
Vehumet
Yredelemnul
Beogh
Jiyva

Shops:
D:6 !   D:10 *   Orc:2 *(*(

Portals:
Trove: D:12 (give +4 demon whip)

Annotations:
Lair:5 exclusion: 4 oklob plants


Innate Abilities, Weirdness & Mutations

You are resistant to torment.
Your stone body is resilient. (AC +12)
You are immune to poison.
Your large and strong wings let you fly indefinitely.
You resist negative energy. (rN+)
You are resistant to electric shocks. (rElec)
You can survive without breathing.
You are immune to petrification.
You are immune to rotting.
Your flesh is cold resistant. (rC+)
Your magical capacity is low. (-10% MP)


Message History

Something hits your saltling.
Your ragged hierophant seems to slow down.
Some of the chunks of flesh in your inventory have rotted away.
Unknown command.
Unknown command.
You feel yourself speed up.
Your saltling dissolves into shadows!
Your saltling hits the ragged hierophant!
The ragged hierophant gestures wildly while chanting.
The ragged hierophant begins to accept its allies' injuries.
Something hits your saltling. The saltling hits your saltling!!
Your saltling is destroyed!
The ragged hierophant casts a spell.
The ragged hierophant begins to accept its allies' injuries.
The ragged hierophant hits your ragged hierophant with a +0 whip!
A guardian serpent comes into view.
Unknown command.
The ragged hierophant casts a spell at you.
A blast of power from the earth strikes you!
You die...

.........,,,,,,,,,,,,,,,,,,,,,,,,
...%..%..,.......§§§§§§§,,,,,,,,,
..........,......§§§§§§§,,,,,,,,,
......................§.,,,,,,,,,
......8..S..,...........,,,,,,,,,
...........8##..........,,,,,,,,,
......................#,,,,,,,,,,
......................#.,,,,,,,,,
#...............@.......,,,,,,,,,
.........8p...8.........,,,,,,,,,
........................,,,,,,,,,
............8p......#...,,,,,,,,,
........§#p.............,,,,,,,,,
........§§§p............,,,,,,,,,
...pp....§p8............,,,,,,,,,
...8.8..§§§.............,,,,,,,,,
...888..§8§............,,,,,,,,,,


You could see 2 ragged hierophants, a guardian serpent, 4 saltlings, 3 friendly
ragged hierophants and a friendly saltling.

Vanquished Creatures
  Kirke (Lair:6)
  A frost giant (IceCv)
  Nessos (Lair:4)
  A minotaur (Gauntlet)
  A dire elephant (Lair:6)
  2 crystal guardians (Desolation)
  A fire dragon (Lair:6)
  A ragged hierophant (Desolation)
  7 hydras
  A servant of whispers (Desolation)
  Fannar (Lair:3)
  3 catoblepae
  Erica (D:9)
  7 centaur warriors
  A death knight (D:9)
  4 ogre magi (Orc:2)
  16 two-headed ogres
  12 dancing weapons
  2 death yaks (Lair:4)
  3 orc high priests
  A tengu warrior (D:15)
  Nergalle (D:10)
  Urug (Lair:2)
  Sonja (D:11)
  13 deep elf knights
  A swamp dragon (Lair:6)
  3 unseen horrors
  A wizard (D:15)
  An ironbrand convoker (Desolation)
  Pikel (D:8)
  A necromancer (D:11)
  An orc knight (D:13)
  10 deep elf archers
  35 deep elf magi
  2 orc sorcerers
  A wolf spider (D:15)
  10 ugly things
  A salamander (shapeshifter) (D:15)
  4 cyclopes
  2 manticores
  9 elephants
  Maurice (D:10)
  A moth of wrath (shapeshifter) (D:13)
  A molten gargoyle (Desolation)
  A torpor snail (Lair:4)
  2 ice statues (IceCv)
  3 centaur skeletons
  8 black mambas
  4 gargoyles
  3 centaur zombies
  12 spiny frogs
  9 komodo dragons
  4 rime drakes
  2 kobold demonologists (D:15)
  A rime drake (shapeshifter) (D:13)
  A tengu conjurer (D:14)
  A meliai (shapeshifter) (D:13)
  7 trolls
  4 hornets
  23 polar bears
  A harpy skeleton (D:15)
  10 blink frogs
  12 saltlings (Desolation)
  2 raiju (Lair:6)
  12 slime creatures
  16 hippogriffs
  A meliai zombie (D:13)
  A centaur simulacrum (D:13)
  A redback (Lair:2)
  An air elemental (Elf:2)
  2 water elementals
  4 shadows
  2 wraiths
  Eustachio (D:4)
  Sigmund (D:6)
  A hog (Lair:6)
  4 basilisks
  A fire bat (shapeshifter) (D:13)
  37 yaks
  7 wyverns
  2 hungry ghosts (D:13)
  3 fire elementals (Elf:1)
  Grum (D:10)
  Menkaure (D:4)
  Edmund (D:5)
  6 wargs (Lair:6)
  3 swamp worms (Gauntlet)
  3 acid dragons (Lair:6)
  17 water moccasins
  2 soldier ants
  7 porcupines
  13 hell hounds (Lair:6)
  16 orc warriors
  2 swamp drakes
  A slave (D:8)
  4 ice beasts
  13 black bears
  25 ogres
  An eye of draining (D:14)
  20 centaurs
  35 wolves
  12 crocodiles
  14 bullfrogs
  3 big kobolds
  An earth elemental (Elf:1)
  4 scorpions
  22 killer bees
  7 wights
  7 howler monkeys
  4 electric eels (D:14)
  4 crimson imps
  7 hounds
  A quasit (D:8)
  A bullfrog zombie (D:13)
  2 jellies
  2 bullfrog skeletons
  4 iguanas
  8 orc priests
  A gnoll shaman (D:9)
  17 orc wizards
  Ijyb (D:5)
  10 worker ants
  Terence (D:3)
  3 polar bear simulacra (D:11)
  3 yak simulacra (D:11)
  A killer bee zombie (D:7)
  2 wolf simulacra (D:11)
  A hound zombie (D:5)
  2 hound skeletons (D:7)
  A howler monkey zombie (D:8)
  A worker ant zombie (D:7)
  14 adders
  2 shadow imps
  An ooze (D:5)
  An adder zombie (Ossuary)
  2 adder skeletons
  A dart slug (D:2)
  5 leopard geckos
  69 orcs
  4 giant cockroaches
  4 hobgoblins
  8 jackals
  23 kobolds
  7 quokkas
  4 ball pythons
  A ball python skeleton (Ossuary)
  12 bats
  4 frilled lizards
  11 goblins
  2 hobgoblin skeletons (Ossuary)
  3 hobgoblin zombies (Ossuary)
  2 orc skeletons (Ossuary)
  An orc zombie (Ossuary)
  7 rats
  3 river rat simulacra (D:11)
  3 fungi (Lair:5)
  A plant (Lair:6)
890 creatures vanquished.

Vanquished Creatures (collateral kills)
  2 servants of whispers (Desolation)
  A peacekeeper (Desolation)
  2 saltlings (Desolation)
  An orc warrior (D:8)
  An orc (D:8)
7 creatures vanquished.

Vanquished Creatures (others)
  A human (Lair:6)
  A water elemental (Elf:2)
  A swamp drake (Lair:6)
  A howler monkey (D:14)
  9 fungi
  29 plants
  A withered plant (Gauntlet)
43 creatures vanquished.

Grand Total: 940 creatures vanquished

Notes
Turn   | Place    | Note
-------+----------+-------------------------------------------
     0 | D:1      | JellyEater the Gargoyle Earth Elementalist began the quest
                  | for the Orb.
     0 | D:1      | Reached XP level 1. HP: 10/10 MP: 3/3
   193 | D:1      | Reached XP level 2. HP: 15/15 MP: 5/5
   216 | D:1      | Reached skill level 4 in Earth Magic
   495 | D:1      | Reached XP level 3. HP: 16/19 MP: 2/6
   500 | D:1      | Learned a level 3 spell: Stone Arrow
   916 | D:1      | You fall through a shaft!
  1541 | D:2      | Reached skill level 1 in Conjurations
  1989 | D:3      | Reached XP level 4. HP: 23/24 MP: 8/8
  2069 | D:3      | Noticed Terence
  2087 | D:3      | Reached skill level 5 in Earth Magic
  2087 | D:3      | Reached XP level 5. HP: 19/28 MP: 0/9
  2095 | D:3      | Killed Terence
  2154 | D:3      | Found an opulent altar of Gozag.
  2170 | D:3      | Learned a level 5 spell: Lee's Rapid Deconstruction
  2224 | D:3      | Found a hazy altar of Hepliaklqana.
  2911 | D:4      | Noticed Menkaure
  2921 | D:4      | Killed Menkaure
  2921 | D:4      | Reached XP level 6. HP: 27/32 MP: 5/12
  3070 | D:4      | Found a blossoming altar of Fedhas.
  3105 | D:4      | Reached skill level 6 in Earth Magic
  3181 | D:4      | Reached XP level 7. HP: 34/36 MP: 13/13
  3237 | D:4      | Noticed Eustachio
  3240 | D:4      | Killed Eustachio
  3312 | D:4      | Found a deep blue altar of Sif Muna.
  3671 | D:5      | Entered Level 5 of the Dungeon
  3671 | D:5      | Noticed Ijyb
  3680 | D:5      | Killed Ijyb
  3798 | D:5      | Found a sparkling altar of Nemelex Xobeh.
  3830 | D:5      | Found a sand-covered staircase.
  3888 | Ossuary  | Entered an ossuary
  3938 | Ossuary  | Reached skill level 1 in Maces & Flails
  4007 | Ossuary  | Noticed a wraith
  4007 | Ossuary  | Noticed a flying skull
  4022 | Ossuary  | Reached skill level 1 in Fighting
  4022 | Ossuary  | Reached skill level 1 in Armour
  4022 | Ossuary  | Reached skill level 1 in Evocations
  4022 | Ossuary  | Reached XP level 8. HP: 42/43 MP: 11/15
  4035 | Ossuary  | Noticed a flying skull
  4038 | Ossuary  | Noticed a wraith
  4064 | Ossuary  | Killed a wraith
  4354 | Ossuary  | Noticed a flying skull
  4444 | Ossuary  | Noticed a flying skull
  4452 | Ossuary  | Noticed a wraith
  4550 | D:5      | Reached skill level 7 in Earth Magic
  4555 | D:5      | Reached skill level 5 in Spellcasting
  4556 | D:5      | Reached skill level 5 in Conjurations
  4887 | D:5      | Noticed Edmund
  4894 | D:5      | Killed Edmund
  5208 | D:6      | Found Ipnogge's Distillery.
  5216 | D:6      | Bought a potion of heal wounds for 75 gold pieces
  5216 | D:6      | Bought a potion of curing for 45 gold pieces
  5216 | D:6      | Bought a potion of curing for 45 gold pieces
  5216 | D:6      | Bought a potion of berserk rage for 75 gold pieces
  5216 | D:6      | Bought a potion of curing for 45 gold pieces
  5497 | D:6      | Found a stormy altar of Qazlal.
  5530 | D:6      | Found a snail-covered altar of Cheibriados.
  5658 | D:6      | Noticed Sigmund
  5662 | D:6      | Killed Sigmund
  5662 | D:6      | Reached XP level 9. HP: 49/49 MP: 14/16
  5686 | D:6      | Noticed a hornet
  5693 | D:6      | Killed a hornet
  6283 | D:7      | Found a basalt altar of Yredelemnul.
  6297 | D:7      | Found a staircase to the Ecumenical Temple.
  6414 | Temple   | Entered the Ecumenical Temple
  6447 | Temple   | Became a worshipper of Vehumet
  7055 | D:8      | Reached skill level 8 in Earth Magic
  7112 | D:8      | Reached XP level 10. HP: 23/56 MP: 6/18
  7465 | D:8      | Reached * piety under Vehumet
  7465 | D:8      | Offered knowledge of Shock by Vehumet.
  7832 | D:8      | Gained mutation: Your magical capacity is low. (-10% MP)
                  | [potion of mutation]
  7832 | D:8      | Gained mutation: Your flesh is cold resistant. (rC+)
                  | [potion of mutation]
  7848 | D:8      | Noticed Pikel
  7858 | D:8      | Killed Pikel
  8179 | D:9      | Noticed Erica
  8195 | D:9      | Killed Erica
  8195 | D:9      | Reached skill level 5 in Fighting
  8195 | D:9      | Reached skill level 5 in Armour
  8289 | D:9      | Reached skill level 9 in Earth Magic
  8451 | D:9      | Noticed a two-headed ogre
  8459 | D:9      | Killed a two-headed ogre
  8459 | D:9      | Reached skill level 5 in Maces & Flails
  8459 | D:9      | Reached XP level 11. HP: 64/64 MP: 11/18
  8673 | D:9      | Killed an unseen horror
  8913 | D:9      | Noticed a cyan ugly thing
  8914 | D:9      | Offered knowledge of Sting by Vehumet.
  8918 | D:9      | Killed a cyan ugly thing
  8918 | D:9      | Reached ** piety under Vehumet
  8939 | D:9      | Noticed a death knight
  8970 | D:9      | Killed a death knight
  8987 | D:9      | Noticed a centaur warrior
  9002 | D:9      | Killed a centaur warrior
  9002 | D:9      | Reached skill level 5 in Evocations
  9245 | D:9      | Reached skill level 5 in Dodging
  9375 | D:9      | Found a staircase to the Lair.
  9468 | D:10     | Entered Level 10 of the Dungeon
  9496 | D:10     | Noticed Grum
  9501 | D:10     | Killed Grum
  9525 | D:10     | Noticed Nergalle
  9544 | D:10     | Killed Nergalle
  9624 | D:10     | Found Siyreged's Assorted Antiques.
  9632 | D:10     | Bought a scroll of magic mapping for 91 gold pieces
  9632 | D:10     | Bought an inconspicuous book for 390 gold pieces
  9769 | D:10     | Noticed a manticore
  9783 | D:10     | Killed a manticore
  9936 | D:10     | Noticed Maurice
  9947 | D:10     | Killed Maurice
  9947 | D:10     | Reached skill level 10 in Earth Magic
  9947 | D:10     | Reached XP level 12. HP: 61/71 MP: 2/20
 10622 | D:11     | Offered knowledge of Throw Flame by Vehumet.
 11300 | D:11     | Noticed Sonja
 11314 | D:11     | Killed Sonja
 11388 | D:11     | Reached *** piety under Vehumet
 11413 | D:11     | Found a staircase to the Orcish Mines.
 11546 | D:11     | Noticed a five-headed hydra
 11552 | D:11     | Killed a five-headed hydra
 11776 | D:11     | Offered knowledge of Iskenderun's Mystic Blast by Vehumet.
 12138 | D:12     | Noticed a centaur warrior
 12167 | D:12     | Killed a centaur warrior
 12402 | D:12     | Noticed a two-headed ogre
 12407 | D:12     | Killed a two-headed ogre
 12583 | D:12     | Found a portal to a secret trove of treasure.
 12670 | D:12     | Reached **** piety under Vehumet
 12670 | D:12     | Reached skill level 11 in Earth Magic
 12713 | D:12     | Reached XP level 13. HP: 70/78 MP: 17/22
 13036 | D:12     | Offered knowledge of Olgreb's Toxic Radiance by Vehumet.
 14571 | D:13     | Found a gate to the Vaults.
 15257 | D:14     | Got a scorched war axe
 15277 | D:14     | Identified the +2 war axe of Courage {chop, rC+} (You found
                  | it on level 14 of the Dungeon)
 15291 | D:14     | Reached skill level 10 in Conjurations
 15369 | D:14     | You fall through a shaft!
 15369 | D:15     | Entered Level 15 of the Dungeon
 16495 | D:15     | Reached ***** piety under Vehumet
 16495 | D:15     | Offered knowledge of Iron Shot by Vehumet.
 16521 | D:14     | Learned a level 6 spell: Iron Shot
 16947 | D:15     | Reached skill level 12 in Earth Magic
 17113 | D:15     | Gained mutation: Your large and strong wings let you fly
                  | indefinitely. [Gargoyle growth]
 17113 | D:15     | Reached XP level 14. HP: 44/86 MP: 14/24
 17611 | D:15     | Found a staircase to the Depths.
 18348 | Lair:1   | Entered Level 1 of the Lair of Beasts
 18492 | Lair:1   | Found a frozen archway.
 18499 | IceCv    | Entered an ice cave
 18687 | IceCv    | Reached skill level 10 in Fighting
 19119 | IceCv    | Noticed a frost giant
 19124 | IceCv    | Killed a frost giant
 19133 | IceCv    | Offered knowledge of Poison Arrow by Vehumet.
 20270 | Lair:1   | Learned a level 6 spell: Poison Arrow
 20650 | Lair:2   | Reached skill level 10 in Spellcasting
 20662 | Lair:2   | Found a hole to the Spider Nest.
 20691 | Lair:2   | Reached skill level 1 in Poison Magic
 20770 | Lair:2   | Noticed Urug
 20777 | Lair:2   | Killed Urug
 21485 | Lair:3   | Noticed Fannar
 21497 | Lair:3   | Killed Fannar
 21497 | Lair:3   | Reached XP level 15. HP: 93/93 MP: 5/26
 21588 | Lair:3   | Found a staircase to the Swamp.
 22127 | Lair:4   | Found a gate leading to a gauntlet.
 22138 | Gauntlet | Entered a Gauntlet
 22138 | Gauntlet | Found a transporter.
 22147 | Gauntlet | Found a transporter.
 22147 | Gauntlet | Found a transporter.
 22158 | Gauntlet | Found a transporter.
 22169 | Gauntlet | Found a transporter.
 22188 | Gauntlet | Found a transporter.
 22198 | Gauntlet | Found a transporter.
 22208 | Gauntlet | Found a transporter.
 22228 | Gauntlet | Found a transporter.
 22243 | Gauntlet | Found a transporter.
 22243 | Gauntlet | Found a transporter.
 22291 | Gauntlet | Found a transporter.
 22306 | Gauntlet | Found a transporter.
 22349 | Gauntlet | Found a transporter.
 22665 | Gauntlet | Reached skill level 13 in Earth Magic
 22682 | Gauntlet | Got a translucent helmet
 22855 | Gauntlet | Identified the +1 helmet of Sujih {+Fly Regen+ Dex+4} (You
                  | found it in a Gauntlet)
 23258 | Lair:4   | Noticed Nessos
 23260 | Lair:4   | Reached skill level 10 in Maces & Flails
 23268 | Lair:4   | Killed Nessos
 23638 | Lair:4   | Offered knowledge of Venom Bolt by Vehumet.
 25057 | Lair:5   | Found the +8 whip "Snakebite" {curare, rPois}
 25612 | Lair:6   | Entered Level 6 of the Lair of Beasts
 26440 | Lair:6   | Offered knowledge of Conjure Ball Lightning by Vehumet.
 27429 | Lair:6   | Noticed Kirke
 27464 | Lair:6   | Killed Kirke
 27464 | Lair:6   | Reached XP level 16. HP: 90/100 MP: 27/27
 27492 | Lair:6   | Found a staircase to the Slime Pits.
 27493 | Lair:6   | Found a viscous altar of Jiyva.
 28624 | Lair:6   | Got an ichor-stained shield
 28630 | Lair:6   | Identified the +5 shield "Amac" {+Inv rC- rN+++ SInv} (You
                  | found it on level 6 of the Lair of Beasts)
 28826 | Orc:1    | Entered Level 1 of the Orcish Mines
 28998 | Orc:1    | Reached skill level 14 in Earth Magic
 29035 | Orc:2    | Entered Level 2 of the Orcish Mines
 29048 | Orc:2    | Reached skill level 1 in Shields
 29096 | Orc:2    | Found a burning altar of Makhleb.
 29198 | Orc:2    | Found Zygum's Weapon Boutique.
 29198 | Orc:2    | Found Sireim's Antique Weapon Emporium.
 29198 | Orc:2    | Found Kotikeash's Assorted Antiques.
 29198 | Orc:2    | Found Udat's General Store.
 29203 | Orc:2    | Reached ****** piety under Vehumet
 29207 | Orc:2    | Offered knowledge of Bolt of Fire by Vehumet.
 29319 | Orc:2    | Learned a level 6 spell: Bolt of Fire
 29487 | Orc:2    | Found a roughly hewn altar of Beogh.
 29566 | Orc:2    | Found a staircase to the Elven Halls.
 29993 | Elf:1    | Entered Level 1 of the Elven Halls
 31129 | Elf:1    | Reached XP level 17. HP: 48/107 MP: 3/29
 31628 | Elf:1    | Reached skill level 10 in Dodging
 31806 | Elf:1    | Reached skill level 5 in Shields
 32491 | Elf:2    | Found a ruined gateway.
 32523 | Desolati | Entered the Desolation of Salt
 32659 | Desolati | Got a fine wooden ring
 32713 | Desolati | Reached skill level 15 in Earth Magic
 32728 | Desolati | HP: 1/108 [servant of whispers/+0 spear (5)]
 32733 | Desolati | Killed from afar by a ragged hierophant

Levels and vault maps discovered:
D:1:      scummos_arrival_hexagon, layout_rooms, glass_columns_a,
          roderic_three_in_a_row, st_stairs_1
D:2:      minmay_evil_eye, layout_loops_ring, kennysheep_small_spiral
D:3:      layout_basic, nicolae_overflow_hidden_temple,
          nicolae_gozag_seed_capital, uniq_terence
D:4:      layout_loops_cross, overflow_temple_1_default,
          overflow_temple_1_default, first_ration, uniq_eustachio, uniq_menkaure
D:5:      layout_basic, nemelex_xobeh_ov_fountains_minmay, enter_ossuary_1,
          uniq_edmund, uniq_ijyb
D:6:      layout_gridville, grunt_qazlal_clouds, basic_altar, serial_shops,
          shop, uniq_sigmund
D:7:      minmay_inner_zag, layout_loops_corners, yredelemnul_altar_generic,
          minmay_temple_entry_statues
D:8:      layout_loops_ring, hangedman_pestilent_swarm, uniq_pikel
D:9:      hangedman_cross_veins, layout_basic, dpeg_oklobed_lair, uniq_erica
D:10:     layout_small_grid, serial_shops, shop, minmay_misc_feat_nine_boxes,
          roderic_roman_lattice, uniq_grum, uniq_nergalle, uniq_maurice
D:11:     layout_roguey, erik_orc_1, small_statue_intersection,
          eino_house_with_fridge, uniq_sonja
D:12:     layout_small_grid, enter_trove_1, chequers_serial_rivers_small_a
D:13:     layout_long_grid, david_vaults_2, hangedman_abyss_or_decor_lesser_grid
D:14:     layout_stronghold, minmay_misc_feat_cross, chequers_big_river
D:15:     hangedman_depths_entry_try_elsewhere_first, layout_long_grid,
          chequers_avenue
Temple:   regret_index_temple_generic_petals
Lair:1:   layout_regular_city, portal_ice_cave_entry_pillars_2,
          chequers_serial_rivers_small_b, chequers_serial_rivers_small_3,
          serial_bayou_pond_a, lemuel_fruit_tree
Lair:2:   layout_cave_pods, spider_nest_entry_a, grunt_megastairs_5, uniq_urug
Lair:3:   layout_chaotic_city, swamp_mist, uniq_fannar
Lair:4:   layout_cave_pods, gauntlet_entry_generic, beast_lair_carwin_8,
          uniq_nessos
Lair:5:   minmay_guarded_unrand_snakebite, layout_gridlike,
          minmay_lair_oklob_chamber, grunt_megastairs_2
Lair:6:   hangedman_lair_caniforms_friends, layout_regular_city,
          guppyfry_lair_end_dragon, slime_altar_1, grunt_megastairs_3,
          uniq_kirke
Orc:1:    layout_diamond_mine
Orc:2:    st_orc_ogre_mass, layout_caves, basic_altar, bloody_makhleb
Elf:1:    elf_arrival_002, layout_loops_ring, evilmike_minifort
Elf:2:    layout_geoelf_grid, portal_desolation_entry_nicolae_slug, uniq_agnes
Ossuary:  ossuary_due_cavern
IceCv:    ice_cave_small_giant
Desolation
Gauntlet: minmay_gauntlet_77_tree [minmay_gauntlet_arena_77_chump_sandwich,
          minmay_gauntlet_arena_77_broken_ladder, minmay_gauntlet_arena_77_box,
          minmay_gauntlet_arena_77_two_paths,
          minmay_gauntlet_arena_77_checkered,
          minmay_gauntlet_arena_77_block_sizes,
          minmay_gauntlet_arena_77_double_cross,
          nicolae_gauntlet_exit_dead_adventurers]

Skill      XL: |  1  2  3  4  5  6  7  8  9 10 11 12 13 14 15 16 17 |
---------------+----------------------------------------------------+-----
Earth Magic    | 4 5 6 7 8 9 10 11 12 13 14 15 | 15.0
Conjurations   | 1 3 4 5 6 7 8 9 10 11 12 13 | 13.4
Spellcasting   | 3 4 5 6 7 8 9 10 11 | 11.8
Maces & Flails | 1 2 3 5 6 7 8 9 10 11 | 11.9
Fighting       | 1 2 4 5 6 8 9 10 11 12 | 12.8
Armour         | 1 2 4 5 6 |  6.0
Evocations     | 1 2 3 4 5 6 |  6.0
Dodging        | 2 3 4 5 6 7 8 9 10 | 10.2
Poison Magic   | 1 3 |  3.0
Shields        | 4 5 |  5.7
Stealth        | |  2.1
Transmutations | |  0.7

Action                   |  1- 3 |  4- 6 |  7- 9 | 10-12 | 13-15 | 16-18 || total
-------------------------+-------+-------+-------+-------+-------+-------++-------
Melee: Dagger            |   176 |   102 |    39 |       |       |       ||   317
       Rapier            |       |       |   197 |    51 |       |       ||   248
       Flail             |       |       |       |   301 |   607 |       ||   908
       Whip              |       |       |       |       |   522 |   550 ||  1072
 Cast: Sandblast         |    22 |    21 |    73 |   140 |   248 |    20 ||   524
       Stone Arrow       |       |     1 |     6 |    10 |    50 |       ||    67
       Lee's Rapid Decon |       |       |     8 |    28 |    38 |    14 ||    88
       Iron Shot         |       |       |       |       |    37 |    47 ||    84
       Poison Arrow      |       |       |       |       |     3 |     3 ||     6
       Bolt of Fire      |       |       |       |       |       |    19 ||    19
 Abil: Fly               |       |       |       |       |     1 |       ||     1
Evoke: Wand              |       |       |     6 |    24 |     8 |    12 ||    50
       Phial of floods   |       |       |       |       |       |     1 ||     1
  Use: Scroll            |    10 |     4 |     9 |     5 |    23 |    14 ||    65
       Potion            |       |     4 |     4 |     6 |     3 |    16 ||    33
 Stab: Sleeping          |     4 |     1 |     7 |     2 |     8 |     2 ||    24
       Distracted        |       |       |     1 |       |       |       ||     1
       Petrified         |       |       |       |       |    12 |       ||    12
       Invisible         |       |       |       |       |       |     4 ||     4
  Eat: Chunk             |     4 |     4 |    16 |    22 |    57 |    30 ||   133
       Ration            |       |       |       |     1 |     4 |     3 ||     8
Armor: Robe              |    81 |    28 |   143 |   201 |   620 |   207 ||  1280
Dodge: Dodged            |   153 |    81 |   191 |   374 |  1201 |   375 ||  2375

Table legend:
 A = Non-vault XP
 B = Vault XP
 C = Vault XP percentage of total XP
 D = Non-vault monster count
 E = Vault monster count
 F = Vault count percentage of total count
                 A         B        C        D         E       F
            +---------+---------+-------+---------+---------+-------
      Total |  120072 |   99745 |  45.4 |     566 |     327 |  36.6
            +---------+---------+-------+---------+---------+-------
        D:1 |      42 |       6 |  12.5 |      27 |       3 |  10.0
        D:2 |      22 |       5 |  18.5 |      14 |       4 |  22.2
        D:3 |     133 |      32 |  19.4 |      19 |       1 |   5.0
        D:4 |     378 |     377 |  49.9 |      24 |       2 |   7.7
        D:5 |     535 |     201 |  27.3 |      22 |       2 |   8.3
        D:6 |     513 |     208 |  28.8 |       9 |       1 |  10.0
        D:7 |     711 |     468 |  39.7 |      23 |       5 |  17.9
        D:8 |    1227 |    1626 |  57.0 |      25 |       5 |  16.7
        D:9 |    2629 |    6239 |  70.4 |      16 |      19 |  54.3
       D:10 |    1181 |    1956 |  62.4 |       8 |       7 |  46.7
       D:11 |    6126 |    2236 |  26.7 |      28 |      30 |  51.7
       D:12 |    5929 |       0 |   0.0 |      29 |       0 |   0.0
       D:13 |    6715 |     985 |  12.8 |      26 |       3 |  10.3
       D:14 |    8221 |       0 |   0.0 |      30 |       0 |   0.0
       D:15 |   12865 |    2322 |  15.3 |      46 |       4 |   8.0
     Lair:1 |    5709 |       0 |   0.0 |      22 |       0 |   0.0
     Lair:2 |    2999 |    2221 |  42.5 |      16 |       8 |  33.3
     Lair:3 |    3370 |     976 |  22.5 |      13 |       1 |   7.1
     Lair:4 |    5534 |    3819 |  40.8 |      17 |       8 |  32.0
     Lair:5 |    4975 |    3645 |  42.3 |      15 |      14 |  48.3
     Lair:6 |    9089 |   18582 |  67.2 |      31 |      77 |  71.3
      Orc:1 |    3841 |       0 |   0.0 |      25 |       0 |   0.0
      Orc:2 |    8426 |   17952 |  68.1 |      36 |      36 |  50.0
      Elf:1 |   22423 |   11782 |  34.4 |      34 |      19 |  35.8
      Elf:2 |    6479 |     913 |  12.4 |      11 |       1 |   8.3
    Ossuary |       0 |     338 | 100.0 |       0 |      13 | 100.0
      IceCv |       0 |    9873 | 100.0 |       0 |      36 | 100.0
 Desolation |       0 |   11096 | 100.0 |       0 |      23 | 100.0
   Gauntlet |       0 |    1887 | 100.0 |       0 |       5 | 100.0
            +---------+---------+-------+---------+---------+-------
